 Dungeon Crawl Stone Soup version 0.32-a0-975-g85d4e5bfdb (webtiles) character file.

Game seed: 11789227134293756328

7900 ezpacito the Trooper (level 11, 0/83 HPs)
             Began as a Coglin Chaos Knight on Apr 19, 2024.
             Was a Plaything of Xom.
             Killed from afar by PriceMaster's ghost (5 damage)
             ... on level 9 of the Dungeon on Apr 20, 2024.
             The game lasted 00:11:55 (9291 turns).

ezpacito the Trooper (Coglin Chaos Knight)          Turns: 9291, Time: 00:11:56

Health: 0/83       AC: 15    Str: 15    XL:     11   Next: 22%
Magic:  15/15      EV: 11    Int: 11    God:    Xom [.....*]
Gold:   466        SH:  0    Dex: 20    Spells: 4/16 levels left

rFire   . . .        s - +9 scythe {Ramón}
rCold   + . .        (shield currently unavailable)
rNeg    . . .        B - +2 scale mail {rC+}
rPois   .            F - +1 helmet
rElec   .            p - +0 cloak
rCorr   .            u - +0 pair of gloves
SInv    +            e - +0 pair of boots
Will    .....        (amulet unavailable)
Stlth   ++           (ring unavailable)
HPRegen 0.33/turn    (ring unavailable)
MPRegen 0.14/turn    (no gizmo)

%: no passive effects
@: lethally poisoned (0 -> -6), revved
A: off-hand wielding, slow wielding, warmup strikes, no jewellery, thin skeletal
structure 1, see invisible, agile 1, mutation resistance 1, MP-powered wands
a: Invent Gizmo, Renounce Religion


You were on level 9 of the Dungeon.
You worshipped Xom.
You were Xom's teddy bear.
You visited 2 branches of the dungeon, and saw 10 of its levels.

You collected 466 gold pieces.

Inventory:

Hand Weapons
 a - a +0 hand axe of chaos {Arun}
 r - a +0 war axe
 s - a +9 scythe (weapon) {Ramón}
 I - a +2 orcbow of draining
 N - a +1 trident
 O - a +5 flail
Missiles
 b - 2 throwing nets
 i - a curare-tipped dart
 k - 4 javelins (quivered)
 E - 4 boomerangs
Armour
 e - a +0 pair of boots (worn)
 p - a +0 cloak (worn)
 u - a +0 pair of gloves (worn)
 A - the +0 ring mail "Guthrug" {+Inv rF++ Will- Str+4}
   (You found it on level 4 of the Dungeon)

   Str+4:     It affects your strength (+4).
   rF++:      It greatly protects you from fire.
   Will-:     It decreases your willpower.
   +Inv:      It lets you turn invisible.
 B - a +2 scale mail of cold resistance (worn)
 F - a +1 helmet (worn)
 H - a +1 pair of gloves
 M - a +2 hat
Magical Staves
 D - a staff of death
Wands
 j - a wand of warping (7)
 m - a wand of flame (8)
 C - a wand of charming (11)
Scrolls
 f - 2 scrolls of noise {unknown}
 n - 3 scrolls of immolation
 t - 4 scrolls of teleportation
 v - 6 scrolls of enchant weapon
 w - 2 scrolls of poison
 x - 2 scrolls of enchant armour
 z - a scroll of silence {unknown}
 G - a scroll of fog {unknown}
 J - 2 scrolls of vulnerability
 L - a scroll of revelation {unknown}
Potions
 d - 3 potions of attraction
 g - 2 potions of lignification
 o - a potion of magic
Miscellaneous
 c - a Gell's gravitambourine (inert)


   Skills:
 * Level 6.7 Fighting
 * Level 6.7(7.7) Axes
 * Level 5.2(6.5) Polearms
 + Level 0.0 Ranged Weapons
 + Level 3.4 Throwing
 * Level 5.4 Armour
 * Level 5.2 Dodging
 + Level 3.3 Stealth
 + Level 3.2 Unarmed Combat
 + Level 3.1 Spellcasting
 + Level 2.0 Conjurations
 + Level 2.3 Hexes
 + Level 3.3 Necromancy
 + Level 2.1 Translocations
 + Level 2.7 Alchemy
 + Level 4.3 Evocations


You had 4 spell levels left.
You knew the following spells:

 Your Spells              Type           Power      Damage    Failure   Level
a - Fugue of the Fallen   Necr           9%         N/A       56%         3
b - Anguish               Hex/Necr       3%         N/A       96%         4
c - Sting                 Conj/Alch      28%        1d4       34%         1
g - Apportation           Tloc           12%        N/A       36%         1
x - Vampiric Draining     Necr           9%         2d6       56%         3

Your spell library contained the following spells:

 Spells                   Type           Power      Damage    Failure   Level
 Necrotise                Necr           36%        1d5       24%         1
 Kiss of Death            Conj/Necr      28%        2d7       30%         1
 Slow                     Hex            24%        N/A       34%         1
 Ensorcelled Hibernation  Hex/Ice        8%         N/A       65%         2
 Sandblast                Erth           2%         2d4       67%         1
 Summon Small Mammal      Summ           4%         N/A       67%         1
 Confusing Touch          Hex            6%         N/A       71%         3
 Volatile Blastmotes      Fire/Tloc      8%         2d10      87%         3
 Stone Arrow              Conj/Erth      6%         3d7       88%         3
 Dispel Undead            Necr           9%         3d8       93%         4
 Call Canine Familiar     Summ           1%         N/A       95%         3
 Passwall                 Erth           1%         N/A       95%         3
 Vhi's Electric Charge    Tloc/Air       8%         N/A       99%         4
 Summon Blazeheart Golem  Fire/Summ      1%         N/A       100%        4
 Gell's Gavotte           Tloc           3%         2d(12-18) 100%        6


Dungeon Overview and Level Annotations

Branches:
Dungeon (9/15)             Temple (1/1) D:7             Orc (0/2) D:9
   Lair: D:8-11

Altars:
Ashenzari
Dithmenos
Elyvilon
Fedhas
Gozag
Hepliaklqana
Kikubaaqudgha
Makhleb
Nemelex Xobeh
Okawaru
Qazlal
Ru
Sif Muna
Trog
Uskayaw
Vehumet
Wu Jian
Xom
Yredelemnul
Zin
The Shining One

Annotations:
D:9 PriceMaster's ghost, novice SpCj


Innate Abilities, Weirdness & Mutations

You can wield a second weapon in your off-hand.
It takes a long time for you to wield or remove held weapons.
Your first few attacks do less damage.
You cannot equip rings or amulets.
You have a somewhat thin skeletal structure. (Dex +2, Stealth+)
You have supernaturally acute eyesight. (SInv)
You are agile. (Dex +4, Str/Int -1)
You are somewhat resistant to further mutation.
You expend magic power (3 MP) to strengthen your wands.


Message History

The kobold brigand is pinned by gravity.
You feel sick.
The kobold brigand throws a poisoned dart.
The poisoned dart hits you!
You are more poisoned.
The searing ray hits you but does no damage.
You take 1 damage, and have 30/83 hp.
Aiming: Gell's Gravitas
Press: ? - help, Dir - move target, f - kobold brigand
Aim: a kobold brigand, wielding a +0 dagger and quivering poisoned darts (heavily wounded, bound in place)
You rattle the tambourine.
Waves of gravity draw inward around the kobold brigand.
The kobold brigand is pinned by gravity.
PriceMaster's ghost is pinned by gravity.
The kobold brigand is pinned by gravity.
You kill the kobold brigand!
You feel very sick.
The searing ray hits you but does no damage.
You take 4 damage, and have 26/83 hp.
You feel very sick. The searing ray hits you.
* * * LOW HITPOINT WARNING * * *
The kobold brigand hits you with a +0 whip.
* * * LOW HITPOINT WARNING * * *
Items here: ( )) / [ †.
You take 14 damage, and have 12/83 hp.
You slash PriceMaster's ghost!
PriceMaster's ghost is moderately damaged.
You feel sick. The searing ray hits you.
* * * LOW HITPOINT WARNING * * *
The kobold brigand hits you but does no damage.
You take 5 damage, and have 7/83 hp.
Okay, then.
Aiming: Warp Space
Press: ? - help, Shift-Dir - straight line, p - kobold brigand
Okay, then.
* * * LOW HITPOINT WARNING * * *
You feel sick. The searing ray hits you.
You die...
Xom laughs nastily!

##.#.# #######
##..#.# #......
#...#.# #.#####
##.##.# #.# #.##.#
#.# # #.#.[# #.# #
#.#.## #.# #
###)#.##### #.# #
#.@)WK....# #.# #
#.##K''##.# #.# #
###.)...### #.# #
#.#...#.# ##.## #
#⌠.#.#.⌠###...## #
#.#...#.#......###
###.....##.........
#.##:)$##........##
#.######.........#


You could see 2 kobold brigands and PriceMaster's ghost (bound).

Vanquished Creatures
  3 two-headed ogres (D:9)
  The ghost of Sirjeffry24 the Carver, a novice CoGl of Beogh (D:7)
  A gargoyle (D:9)
  A kobold demonologist (D:9)
  Grinder (D:6)
  Sigmund (D:2)
  A vampire (D:9)
  2 wyverns (D:9)
  A yak (D:8)
  2 steam dragons
  3 vampire mosquitoes
  Menkaure (D:6)
  An acid dragon (D:6)
  5 water moccasins
  2 orc warriors (D:9)
  An ice beast (D:7)
  2 black bears
  2 sky beasts (D:7)
  An ogre (D:5)
  A centaur (D:6)
  2 kobold brigands (D:9)
  A gnoll sergeant (D:6)
  2 scorpions (D:5)
  2 bullfrogs
  9 wights
  Dowan (D:6)
  A howler monkey (D:9)
  A crimson imp (D:4)
  2 orc priests
  A bombardier beetle (D:6)
  A gnoll bouda (D:9)
  A jelly (D:7)
  4 iguanas
  8 orc wizards
  6 gnolls
  6 adders
  A white imp (D:4)
  10 ufetubi
  2 ribbon worms
  5 dart slugs
  23 orcs
  4 bats (D:1)
  5 endoplasms
  5 giant cockroaches
  5 hobgoblins
  8 jackals
  10 kobolds
  3 quokkas
  7 ball pythons
  4 frilled lizards
  9 goblins
  2 rats (D:2)
  A spectral kobold (D:1)
185 creatures vanquished.

Vanquished Creatures (collateral kills)
  Duvessa (D:6)
  4 wights (D:6)
5 creatures vanquished.

Vanquished Creatures (others)
  A kobold demonologist (D:9)
  3 yaks (D:8)
  A centaur (D:9)
  4 kobold brigands (D:9)
  A wight (D:8)
10 creatures vanquished.

Grand Total: 200 creatures vanquished

Notes
Turn   | Place    | Note
-------+----------+-------------------------------------------
     0 | D:1      | ezpacito the Coglin Chaos Knight began the quest for the
                  | Orb.
     0 | D:1      | Reached XP level 1. HP: 18/18 MP: 1/1
    81 | D:1      | Reached skill level 1 in Dodging
    93 | D:1      | Found a faded altar of an unknown god.
   141 | D:1      | Reached XP level 2. HP: 21/24 MP: 2/2
   770 | D:2      | Reached XP level 3. HP: 24/29 MP: 3/3
   968 | D:2      | XOM: silly message
  1121 | D:2      | XOM: give mutation
  1121 | D:2      | Gained mutation: You sometimes lose your temper in combat.
                  | [Xom's mischief]
  1210 | D:2      | Reached XP level 4. HP: 35/35 MP: 4/4
  1222 | D:2      | Reached skill level 1 in Polearms
  1368 | D:2      | Noticed Sigmund
  1377 | D:2      | HP: 2/52 [Sigmund/+8 scythe (5)]
  1378 | D:2      | Killed Sigmund
  1379 | D:2      | Reached skill level 1 in Stealth
  1379 | D:2      | Reached skill level 1 in Spellcasting
  1379 | D:2      | Reached XP level 5. HP: 3/42 MP: 4/6
  1379 | D:2      | Reached XP level 6. HP: 3/48 MP: 4/7
  1576 | D:2      | Learned a level 3 spell: Fugue of the Fallen
  1581 | D:2      | Learned a level 4 spell: Anguish
  1699 | D:3      | XOM: give mutations
  1699 | D:3      | Gained mutation: You are vulnerable to cold. (rC-) [Xom's
                  | mischief]
  1699 | D:3      | Gained mutation: You have very sharp teeth. [Xom's
                  | mischief]
  1699 | D:3      | Found a blossoming altar of Fedhas.
  1776 | D:3      | XOM: polymorph orc -> frilled lizard
  1787 | D:3      | XOM: 10-stop teleportation journey
  1931 | D:3      | Found a burning altar of Makhleb.
  2080 | D:3      | Reached skill level 1 in Throwing
  2419 | D:3      | Found a hazy altar of Hepliaklqana.
  2423 | D:3      | Found a faded altar of an unknown god.
  2628 | D:4      | XOM: 1-stop teleportation journey
  2734 | D:4      | Identified the +0 ring mail "Guthrug" {+Inv rF++ Will-
                  | Str+4}
  2742 | D:4      | Noticed a water moccasin
  2745 | D:4      | Killed a water moccasin
  2746 | D:4      | Reached XP level 7. HP: 50/54 MP: 8/8
  2825 | D:4      | XOM: silly message
  2860 | D:4      | XOM: 12-stop teleportation journey
  3046 | D:4      | XOM: swap monsters
  3215 | D:5      | Entered Level 5 of the Dungeon
  3396 | D:5      | Reached skill level 1 in Necromancy
  3657 | D:5      | Found a shadowy altar of Dithmenos.
  3755 | D:5      | Found a sparkling altar of Nemelex Xobeh.
  3763 | D:5      | Reached skill level 1 in Unarmed Combat
  3763 | D:5      | Reached skill level 1 in Evocations
  3763 | D:5      | Reached XP level 8. HP: 56/61 MP: 10/10
  4139 | D:6      | XOM: smoke on damage
  4482 | D:6      | Noticed Menkaure
  4485 | D:6      | Noticed Grinder
  4487 | D:6      | Killed Menkaure
  4487 | D:6      | Paralysed by Grinder for 5 turns
  4493 | D:6      | Killed Grinder
  4494 | D:6      | Reached skill level 5 in Fighting
  4494 | D:6      | Reached skill level 5 in Axes
  4542 | D:6      | XOM: 2-stop teleportation journey
  4546 | D:6      | Reached XP level 9. HP: 54/68 MP: 12/12
  4601 | D:6      | XOM: cast spell 'Alistair's Intoxication'
  4753 | D:6      | XOM: 1-stop teleportation journey
  4869 | D:6      | XOM: cloud trail
  4875 | D:6      | Found a broken altar of Ashenzari.
  4980 | D:6      | Noticed Duvessa
  4980 | D:6      | Noticed Dowan
  4981 | D:6      | Killed Dowan
  4988 | D:6      | Killed Duvessa
  4993 | D:6      | Learned a level 1 spell: Sting
  4997 | D:6      | Learned a level 3 spell: Vampiric Draining
  4999 | D:6      | Learned a level 1 spell: Apportation
  5191 | D:6      | Found an ornate altar of the Wu Jian Council.
  5593 | D:7      | XOM: divination: magic mapping
  5869 | D:7      | XOM: noise
  5971 | D:7      | Found a staircase to the Ecumenical Temple.
  5991 | Temple   | Entered the Ecumenical Temple
  6077 | D:7      | Found a runed translucent gate.
  6077 | D:7      | Found a runed translucent gate.
  6080 | D:7      | Found a runed translucent gate.
  6082 | D:7      | Noticed Sirjeffry24's ghost (novice CoGl)
  6346 | D:7      | Reached skill level 1 in Hexes
  6363 | D:7      | Reached skill level 1 in Alchemy
  6441 | D:7      | XOM: give mutations
  6441 | D:7      | Lost mutation: You sometimes lose your temper in combat.
                  | [Xom's mischief]
  6441 | D:7      | Gained mutation: You are somewhat resistant to further
                  | mutation. [Xom's mischief]
  6545 | D:7      | XOM: give mutations
  6545 | D:7      | Gained mutation: You are covered in fur. (AC +1) [Xom's
                  | mischief]
  6545 | D:7      | Gained mutation: Your system is resistant to poisons.
                  | (rPois) [Xom's mischief]
  6661 | D:7      | Lost mutation: You are somewhat resistant to further
                  | mutation. [potion of mutation]
  6661 | D:7      | Lost mutation: You have very sharp teeth. [potion of
                  | mutation]
  6661 | D:7      | Gained mutation: You are agile. (Dex +4, Str/Int -1)
                  | [potion of mutation]
  6661 | D:7      | Lost mutation: You are covered in fur. (AC +1) [potion of
                  | mutation]
  6662 | D:7      | Lost mutation: You are agile. (Dex +4, Str/Int -1) [potion
                  | of mutation]
  6662 | D:7      | Lost mutation: Your system is resistant to poisons. (rPois)
                  | [potion of mutation]
  6662 | D:7      | Lost mutation: You are vulnerable to cold. (rC-) [potion of
                  | mutation]
  6662 | D:7      | Gained mutation: You are agile. (Dex +4, Str/Int -1)
                  | [potion of mutation]
  6662 | D:7      | Gained mutation: You have supernaturally acute eyesight.
                  | (SInv) [potion of mutation]
  6662 | D:7      | Gained mutation: You are somewhat resistant to further
                  | mutation. [potion of mutation]
  6675 | D:7      | Killed Sirjeffry24's ghost
  6676 | D:7      | Reached skill level 1 in Conjurations
  6676 | D:7      | Reached skill level 1 in Translocations
  6676 | D:7      | Reached XP level 10. HP: 20/76 MP: 13/13
  6681 | D:7      | XOM: torment (12/76 hp)
  6701 | D:7      | XOM: silly message
  6834 | D:7      | XOM: cloud trail
  6908 | D:8      | XOM: noise
  7135 | D:8      | XOM: give mutations
  7135 | D:8      | Gained mutation: You expend magic power (3 MP) to
                  | strengthen your wands. [Xom's grace]
  7135 | D:8      | Gained mutation: You have a somewhat thin skeletal
                  | structure. (Dex +2, Stealth+) [Xom's grace]
  7257 | D:8      | XOM: divine lightning
  7410 | D:8      | Found a shimmering altar of Xom.
  7410 | D:8      | XOM: summons friendly chaos spawn
  7662 | D:8      | Found an iron altar of Okawaru.
  7871 | D:9      | Noticed a gargoyle
  7885 | D:9      | Killed a gargoyle
  8049 | D:9      | Found an opulent altar of Gozag.
  8263 | D:9      | Found a staircase to the Orcish Mines.
  8308 | D:9      | Found a basalt altar of Yredelemnul.
  8383 | D:9      | Found a runed translucent gate.
  8385 | D:9      | Noticed a kobold demonologist
  8385 | D:9      | Noticed PriceMaster's ghost (novice SpCj)
  8387 | D:9      | Found a runed translucent gate.
  8387 | D:9      | Noticed a kobold demonologist
  8388 | D:9      | Found a runed translucent gate.
  8467 | D:9      | XOM: stat loss: -1 Int (9/11)
  8497 | D:9      | XOM: enchant monster (bad)
  8607 | D:9      | Noticed a two-headed ogre
  8608 | D:9      | Noticed a two-headed ogre
  8608 | D:9      | Noticed a two-headed ogre
  8613 | D:9      | XOM: silly message
  8614 | D:9      | Killed a two-headed ogre
  8615 | D:9      | Reached skill level 5 in Armour
  8628 | D:9      | XOM: scenery: summon butterflies
  8644 | D:9      | XOM: enchant monster (bad)
  8647 | D:9      | XOM: torment (20/77 hp)
  8670 | D:9      | Reached skill level 5 in Dodging
  8686 | D:9      | XOM: divine lightning
  8692 | D:9      | Killed a two-headed ogre
  8693 | D:9      | Reached skill level 5 in Polearms
  8693 | D:9      | Reached XP level 11. HP: 35/83 MP: 15/15
  8694 | D:9      | XOM: scenery: summon butterflies
  8703 | D:9      | XOM: divine lightning
  9059 | D:9      | XOM: summons friendly ufetubus
  9062 | D:9      | Killed a two-headed ogre
  9215 | D:9      | XOM: scenery: create altars
  9272 | D:9      | XOM: divine lightning
  9283 | D:9      | Noticed a sun demon
  9291 | D:9      | Killed from afar by PriceMaster's ghost

Illustrated notes

Levels and vault maps discovered:
D:1:      dpeg_arrival_ternary, layout_loops_ring,
          dreamdust_ecumenical_altar_drowned_temple,
          chequers_serial_rivers_small_a
D:2:      layout_loops_cross, serial_glass, glass_columns_a, glass_columns_a,
          due_unseen_surprise, uniq_sigmund
D:3:      layout_loops_ring, mainiacjoe_overflow_paths, lightli_temple_of_fire,
          beargit_hepliaklqana_dungeon_heroes
D:4:      layout_gridville, dreamdust_princess_corridor, dk_noncrumbling_3,
          minmay_fire_ice_demons
D:5:      layout_cave_pods, mainiacjoe_overflow_concentric_impassable,
          nicolae_dithmenos_shadow_blocks
D:6:      layout_loops_corners, nzn_wu_jian_contemplation,
          mainiacjoe_overflow_alcove_1, kennysheep_generic_room_14,
          uniq_grinder, uniq_menkaure, uniq_duvessa
D:7:      layout_basic, minmay_temple_entry_mini_moons,
          ebering_ghost_rock_garden, minmay_misc_feat_four_crosses
D:8:      layout_loops_ring, kennysheep_mini, lemuel_tele_altar
D:9:      layout_loops_ring, grunt_gozag_statues, lemuel_coloured_pillars_altar,
          orc_0_dummy, gammafunk_ghost_nasty_kobolds, minivault_11,
          kennysheep_kite_vault
Temple:   eino_temple_lava

Skill      XL: |  1  2  3  4  5  6  7  8  9 10 11 |
---------------+----------------------------------+-----
Dodging        | 1 2 3 4 5 |  5.2
Armour         | 2 3 4 5 |  5.4
Polearms       | 1 2 3 4 5 |  5.2
Stealth        | 1 2 3 |  3.3
Spellcasting   | 1 2 3 |  3.1
Fighting       | 4 5 6 |  6.7
Throwing       | 1 2 3 |  3.4
Axes           | 4 5 6 |  6.7
Necromancy     | 1 2 3 |  3.3
Unarmed Combat | 1 2 3 |  3.2
Evocations     | 1 2 3 4 |  4.3
Hexes          | 1 2 |  2.3
Alchemy        | 1 2 |  2.7
Conjurations   | 1 2 |  2.0
Translocations | 1 2 |  2.1

Action                     |  1- 3 |  4- 6 |  7- 9 | 10-12 || total
---------------------------+-------+-------+-------+-------++-------
  Melee: Hand axe          |    82 |    14 |       |       ||    96
         Dagger            |    70 |    14 |       |       ||    84
         Halberd           |       |    75 |   193 |   171 ||   439
         Bite              |       |     4 |    19 |       ||    23
  Evoke: Wand              |       |       |       |     7 ||     7
         Gell's gravitambo |       |       |       |     2 ||     2
    Use: Scroll            |       |     6 |     3 |     3 ||    12
         Potion            |       |     5 |     7 |    10 ||    22
   Stab: Distracted        |     1 |       |     1 |       ||     2
         Invisible         |       |     1 |     1 |       ||     2
         Sleeping          |       |       |     1 |     2 ||     3
 Armour: Leather armour    |    47 |     9 |       |       ||    56
         Scale mail        |       |    61 |   228 |   187 ||   476
         Skin              |       |    19 |       |       ||    19
  Dodge: Dodged            |    44 |    34 |   159 |   110 ||   347

Table legend: (Time is in decaauts)
 A = Elapsed time spent in this place.
 B = Non-inter-level travel time spent in this place.
 C = Inter-level travel time spent in this place.
 D = Time resting spent in this place.
 E = Time spent auto-exploring this place.
 F = Levels seen in this place.
 G = Mean time per level.
                   A        B        C        D        E       F      G
               +--------+--------+--------+--------+--------+-----+--------+
         Total |   9493 |   9158 |    335 |    138 |   7651 |  10 |  949.3 |
       Dungeon |   9492 |   9158 |    334 |    138 |   7651 |   9 | 1054.7 |
        Temple |      1 |      1 |      0 |      0 |      0 |   1 |    1.0 |
               +--------+--------+--------+--------+--------+-----+--------+

Top non-repeatable levels by time:
     D:6: 1497 daAuts
     D:9: 1441 daAuts
     D:7: 1384 daAuts
     D:8: 956 daAuts
     D:3: 947 daAuts
     D:5: 913 daAuts
     D:2: 885 daAuts
     D:1: 763 daAuts
     D:4: 702 daAuts
  Temple: 1 daAuts
